EL
CHATTANOOGA LOOKOUTS @ AKRON RUBBERDUCKS
09/13/2048
 
TOP OF THE 1ST
Chattanooga Lookouts batting - Pitching for Akron RubberDucks : RHP Dantae Elizondo
Pitching: RHP Dantae Elizondo
Batting: SHB Matt Urbani 0-0: Ball
1-0: Called Strike
1-1: Ball
2-1: Ground out 5-3 (Groundball, 56, EV 88.1 MPH)
Batting: RHB John Dew 0-0: Called Strike
0-1: Ball
1-1: Fly out, F8 (Flyball, 8RXD, EV 76.9 MPH)
Batting: LHB Marshall Daul 0-0: Called Strike
0-1: Ball
1-1: Foul Ball, location: 2F
1-2: Ground out 5-3 (Groundball, 5, EV 111.2 MPH)
Top of the 1st over - 0 runs, 0 hits, 0 errors, 0 left on base; Chattanooga 0 - Akron 0
BOTTOM OF THE 1ST
Akron RubberDucks batting - Pitching for Chattanooga Lookouts : RHP Tom Winsor
Pitching: RHP Tom Winsor
Batting: LHB Robby Dann 0-0: Swinging Strike
0-1: Ball
1-1: Swinging Strike
1-2: Foul Ball, location: 2F
1-2: Ball
2-2: Ball
3-2: Base on Balls
Batting: RHB Alex Vasquez 0-0: Ball
Robby Dann steals 2nd base
1-0: Ground out 5-3 (Groundball, 56S, EV 88.8 MPH)
Batting: SHB Valentin Laporte 0-0: Ball
1-0: Called Strike
1-1: Foul Ball, location: 2F
1-2: Strikes out swinging
Batting: RHB Tristan Wright 0-0: Ball
1-0: Fly out, F7 (Line Drive, 7, EV 91.2 MPH)
Bottom of the 1st over - 0 runs, 0 hits, 0 errors, 1 left on base; Chattanooga 0 - Akron 0
TOP OF THE 2ND
Chattanooga Lookouts batting - Pitching for Akron RubberDucks : RHP Dantae Elizondo
Batting: RHB Leo Gonzalez 0-0: Foul Ball, location: 2F
0-1: Ground out 4-3 (Groundball, 4, EV 81.9 MPH)
Batting: LHB Jon Ventura 0-0: Ball
1-0: Called Strike
1-1: Ball
2-1: Ball
3-1: Base on Balls
Batting: RHB Michael McDonald 0-0: Called Strike
0-1: Ball
1-1: Swinging Strike
1-2: Ball
2-2: Strikes out swinging
Batting: LHB David Campbell 0-0: Ball
Jon Ventura is caught stealing 2nd base 2-6
Top of the 2nd over - 0 runs, 0 hits, 0 errors, 0 left on base; Chattanooga 0 - Akron 0
BOTTOM OF THE 2ND
Akron RubberDucks batting - Pitching for Chattanooga Lookouts : RHP Tom Winsor
Batting: LHB Esteban Cordova 0-0: Ball
1-0: Called Strike
1-1: Foul Ball, location: 2F
1-2: Ball
2-2: Ball
3-2: Foul Ball, location: 2F
3-2: Base on Balls
Batting: RHB Justin Lauderdale 0-0: Ball
1-0: Ball
2-0: Ball
3-0: Called Strike
3-1: Fly out, F7 (Flyball, 7D, EV 100.0 MPH)
Batting: RHB Charles Marcel 0-0: Fly out, F8 (Flyball, 89S, EV 91.2 MPH)
Batting: RHB Anibal Casteles 0-0: Foul Ball, location: 2F
0-1: Ball
1-1: Ground out 4-3 (Groundball, 4, EV 77.5 MPH)
Bottom of the 2nd over - 0 runs, 0 hits, 0 errors, 1 left on base; Chattanooga 0 - Akron 0
TOP OF THE 3RD
Chattanooga Lookouts batting - Pitching for Akron RubberDucks : RHP Dantae Elizondo
Batting: LHB David Campbell 0-0: Swinging Strike
0-1: Called Strike
0-2: Ball
1-2: Ball
2-2: Foul Ball, location: 2F
2-2: Ground out 5-3 (Groundball, 15, EV 85.6 MPH)
Batting: RHB Nick Phipps 0-0: Ball
1-0: Ball
2-0: Called Strike
2-1: Ball
3-1: SINGLE (Line Drive, 78S, EV 105.0 MPH)
Batting: RHB Jose Gracia 0-0: Called Strike
0-1: Foul Ball, location: 2F
0-2: Strikes out swinging
Nick Phipps steals 2nd base
Batter strikes out.
Batting: SHB Matt Urbani 0-0: Ball
1-0: Foul Ball, location: 2F
1-1: Ball
2-1: Foul Ball, location: 2F
2-2: Foul Ball, location: 2F
2-2: Ground out U3 (Groundball, 3L, EV 88.8 MPH)
Top of the 3rd over - 0 runs, 1 hit, 0 errors, 1 left on base; Chattanooga 0 - Akron 0
BOTTOM OF THE 3RD
Akron RubberDucks batting - Pitching for Chattanooga Lookouts : RHP Tom Winsor
Batting: RHB Rico Coss 0-0: Foul Ball, location: 2F
0-1: Ball
1-1: Ball
2-1: Ball
3-1: Foul Ball, location: 2F
3-2: Fly out, F7 (Line Drive, 78M, EV 101.9 MPH)
Batting: LHB Robby Dann 0-0: Called Strike
0-1: Swinging Strike
0-2: Strikes out looking
Batting: RHB Alex Vasquez 0-0: Ball
1-0: Ball
2-0: Ball
3-0: Base on Balls
Batting: SHB Valentin Laporte 0-0: Called Strike
0-1: Ball
1-1: Called Strike
1-2: Ball
2-2: Foul Ball, location: 2F
2-2: Strikes out looking
Bottom of the 3rd over - 0 runs, 0 hits, 0 errors, 1 left on base; Chattanooga 0 - Akron 0
TOP OF THE 4TH
Chattanooga Lookouts batting - Pitching for Akron RubberDucks : RHP Dantae Elizondo
Batting: RHB John Dew 0-0: Ball
1-0: Ball
2-0: Ball
3-0: Called Strike
3-1: Base on Balls
Batting: LHB Marshall Daul 0-0: Foul Ball, location: 2F
0-1: Foul Ball, location: 2F
0-2: Ball
1-2: Ball
2-2: Foul Ball, location: 2F
2-2: Ball
3-2: Foul Ball, location: 2F
3-2: Fly out, F9 (Flyball, 9LS, EV 81.9 MPH)
Batting: RHB Leo Gonzalez 0-0: Ball
1-0: Swinging Strike
1-1: Ball
John Dew steals 2nd base
2-1: Foul Ball, location: 2F
2-2: Ground out 5-3 (Groundball, 56S, EV 83.8 MPH)
Batting: LHB Jon Ventura 0-0: Ball
1-0: Foul Ball, location: 2F
1-1: Swinging Strike
1-2: Ball
2-2: Foul Ball, location: 2F
2-2: Ball
Wild Pitch!
John Dew to third
3-2: Ground out 6-3 (Groundball, 6, EV 85.0 MPH)
Top of the 4th over - 0 runs, 0 hits, 0 errors, 1 left on base; Chattanooga 0 - Akron 0
BOTTOM OF THE 4TH
Akron RubberDucks batting - Pitching for Chattanooga Lookouts : RHP Tom Winsor
Batting: RHB Tristan Wright 0-0: Ball
1-0: SINGLE (Groundball, 4MS, EV 73.8 MPH) (infield hit)
Batting: LHB Esteban Cordova 0-0: Ball
1-0: Ball
2-0: Called Strike
2-1: Ball
3-1: Fielders Choice at 2nd, 6-4 (Groundball, 56, EV 98.1 MPH)
Batting: RHB Justin Lauderdale 0-0: Called Strike
0-1: Ball
1-1: Swinging Strike
1-2: Ball
2-2: Fly out, F7 (Flyball, 78S, EV 88.8 MPH)
Batting: RHB Charles Marcel 0-0: Called Strike
0-1: Ball
1-1: Ball
2-1: Ball
3-1: Base on Balls
Esteban Cordova to second
Batting: RHB Anibal Casteles 0-0: Ball
Wild Pitch!
Esteban Cordova to third
Charles Marcel to second
1-0: Ball
2-0: Foul Ball, location: 2F
2-1: SINGLE (Flyball, 9LS, EV 101.2 MPH)
Esteban Cordova scores
Charles Marcel to third
Runner from 3rd tries for Home, SAFE, throw by RF to home
Batting: RHB Rico Coss 0-0: Called Strike
0-1: Swinging Strike
0-2: Strikes out swinging
Bottom of the 4th over - 2 runs, 2 hits, 0 errors, 1 left on base; Chattanooga 0 - Akron 2
TOP OF THE 5TH
Chattanooga Lookouts batting - Pitching for Akron RubberDucks : RHP Dantae Elizondo
Batting: RHB Michael McDonald 0-0: Foul Ball, location: 2F
0-1: Foul Ball, location: 2F
0-2: Ball
1-2: Foul Ball, location: 2F
1-2: Foul Ball, location: 2F
1-2: Foul Ball, location: 2F
1-2: Ball
2-2: Ball
3-2: Foul Ball, location: 2F
3-2: Foul Ball, location: 2F
3-2: SINGLE (Line Drive, 89S, EV 107.5 MPH)
Batting: LHB David Campbell 0-0: Ball
1-0: Swinging Strike
1-1: Ball
2-1: Fielders Choice at 2nd, 3-6 (Groundball, 3, EV 103.8 MPH)
Batting: RHB Nick Phipps 0-0: Ball
1-0: Ball
2-0: Called Strike
2-1: Fly out, F8 (Flyball, 8RM, EV 97.5 MPH)
Batting: RHB Jose Gracia 0-0: SINGLE (Groundball, 34, EV 96.9 MPH)
David Campbell to second
Runner from 2nd tries for 3rd, SAFE, throw by RF made to third
Batting: SHB Matt Urbani 0-0: Foul Ball, location: 2F
0-1: Foul Ball, location: 2F
0-2: Ball
1-2: Foul Ball, location: 2F
1-2: Fly out, F6 (Popup, 6M, EV 57.5 MPH)
Top of the 5th over - 0 runs, 2 hits, 0 errors, 2 left on base; Chattanooga 0 - Akron 2
BOTTOM OF THE 5TH
Akron RubberDucks batting - Pitching for Chattanooga Lookouts : RHP Tom Winsor
Batting: LHB Robby Dann 0-0: Fly out, F7 (Flyball, 7S, EV 95.0 MPH)
Batting: RHB Alex Vasquez 0-0: DOUBLE (Groundball, 3L, EV 104.4 MPH)
Batting: SHB Valentin Laporte 0-0: Ball
1-0: Called Strike
1-1: Ball
2-1: Ball
3-1: Base on Balls
Batting: RHB Tristan Wright 0-0: Ground out 6-3 (Groundball, P, EV 84.4 MPH)
Alex Vasquez to third
Valentin Laporte to second
Batting: LHB Esteban Cordova 0-0: Foul Ball, location: 2F
0-1: Ball
1-1: Swinging Strike
1-2: Ball
2-2: Ground out 6-3 (Groundball, 6, EV 81.2 MPH)
Bottom of the 5th over - 0 runs, 1 hit, 0 errors, 2 left on base; Chattanooga 0 - Akron 2
TOP OF THE 6TH
Chattanooga Lookouts batting - Pitching for Akron RubberDucks : RHP Dantae Elizondo
Batting: RHB John Dew 0-0: Ground out 5-3 (Groundball, 5, EV 107.5 MPH)
Batting: LHB Marshall Daul 0-0: Fly out, F7 (Flyball, 7LS, EV 90.0 MPH)
Batting: RHB Leo Gonzalez 0-0: Called Strike
0-1: Ball
1-1: Foul Ball, location: 2F
1-2: Ball
2-2: Strikes out swinging
Top of the 6th over - 0 runs, 0 hits, 0 errors, 0 left on base; Chattanooga 0 - Akron 2
BOTTOM OF THE 6TH
Akron RubberDucks batting - Pitching for Chattanooga Lookouts : RHP Tom Winsor
Batting: RHB Justin Lauderdale 0-0: Ball
1-0: Ball
2-0: Foul Ball, location: 2F
2-1: Ground out 5-3 (Groundball, 56S, EV 63.8 MPH)
Batting: RHB Charles Marcel 0-0: Called Strike
0-1: Ball
1-1: Foul Ball, location: 2F
1-2: SINGLE (Groundball, 6MD, EV 94.4 MPH)
Pitching: RHP Tom Aagaard
Batting: RHB Anibal Casteles 0-0: Called Strike
Charles Marcel steals 2nd base
0-1: Ball
1-1: Ball
2-1: Ball
3-1: Swinging Strike
3-2: Foul Ball, location: 2F
3-2: Foul Ball, location: 2F
3-2: Strikes out swinging
Batting: RHB Rico Coss 0-0: Ball
1-0: Swinging Strike
1-1: Swinging Strike
1-2: Strikes out swinging
Bottom of the 6th over - 0 runs, 1 hit, 0 errors, 1 left on base; Chattanooga 0 - Akron 2
TOP OF THE 7TH
Chattanooga Lookouts batting - Pitching for Akron RubberDucks : RHP Dantae Elizondo
Pitching: RHP Chris DeVall
Now at SS: Mitch Boyd
Batting: LHB Jon Ventura 0-0: Swinging Strike
0-1: Ball
1-1: Foul Ball, location: 2F
1-2: Ball
2-2: Foul Ball, location: 2F
2-2: Strikes out swinging
Batting: RHB Michael McDonald 0-0: Called Strike
0-1: Ball
1-1: SINGLE (Groundball, 4MD, EV 105.0 MPH)
Batting: LHB David Campbell 0-0: Ball
1-0: Ball
Michael McDonald is caught stealing 2nd base 2-6
2-0: Foul Ball, location: 2F
2-1: Fly out, F7 (Line Drive, 78D, EV 86.2 MPH)
Top of the 7th over - 0 runs, 1 hit, 0 errors, 0 left on base; Chattanooga 0 - Akron 2
BOTTOM OF THE 7TH
Akron RubberDucks batting - Pitching for Chattanooga Lookouts : RHP Tom Aagaard
Batting: LHB Robby Dann 0-0: Foul Ball, location: 2F
0-1: Foul Ball, location: 2F
0-2: Ground out 4-3 (Groundball, 4, EV 90.6 MPH)
Batting: RHB Alex Vasquez 0-0: Ball
1-0: Ground out 5-3 (Groundball, 56, EV 86.2 MPH)
Batting: SHB Valentin Laporte 0-0: Foul Ball, location: 2F
0-1: Ball
1-1: Ground out 4-3 (Groundball, 4, EV 78.1 MPH)
Bottom of the 7th over - 0 runs, 0 hits, 0 errors, 0 left on base; Chattanooga 0 - Akron 2
TOP OF THE 8TH
Chattanooga Lookouts batting - Pitching for Akron RubberDucks : RHP Chris DeVall
Batting: RHB Nick Phipps 0-0: DOUBLE (Groundball, 5L, EV 94.4 MPH)
Batting: RHB Jose Gracia 0-0: Ball
1-0: Reached on error, E1 (Groundball, 13S, EV 70.0 MPH)
Nick Phipps to third
Batting: SHB Matt Urbani 0-0: TRIPLE (Flyball, 9LD, EV 96.2 MPH)
Nick Phipps scores
Jose Gracia scores
Batting: RHB John Dew 0-0: Called Strike
0-1: SINGLE (Groundball, 34, EV 110.0 MPH)
Matt Urbani scores
Pitching: LHP Gil Longoria
Batting: LHB Marshall Daul 0-0: Swinging Strike
0-1: Ball
1-1: Foul Ball, location: 2F
1-2: Foul Ball, location: 2F
1-2: Foul Ball, location: 2F
1-2: SINGLE (Groundball, 6MS, EV 83.1 MPH) (infield hit)
John Dew to second
Batting: RHB Leo Gonzalez 0-0: Ball
1-0: Swinging Strike
1-1: Swinging Strike
1-2: Ball
2-2: SINGLE (Groundball, 56D, EV 103.8 MPH)
John Dew to third
Marshall Daul to second
Batting: LHB Jon Ventura 0-0: SINGLE (Groundball, 34D, EV 98.1 MPH)
John Dew scores
Marshall Daul to third
Leo Gonzalez to second
Runner from 3rd tries for Home, SAFE, throw by RF to home
Batting: RHB Michael McDonald 0-0: Called Strike
0-1: Ball
1-1: Swinging Strike
1-2: Foul Ball, location: 2F
1-2: Ball
2-2: Strikes out swinging
Batting: LHB David Campbell 0-0: Ball
1-0: Called Strike
1-1: Foul Ball, location: 2F
1-2: Strikes out swinging
Batting: RHB Nick Phipps 0-0: Foul Ball, location: 2F
0-1: Ball
1-1: DOUBLE (Flyball, 8LXD, EV 100.6 MPH)
Leo Gonzalez scores
Jon Ventura to third
Runner from 3rd tries for Home, throw by CF and OUT! 8-6-2
Top of the 8th over - 6 runs, 7 hits, 1 error, 1 left on base; Chattanooga 6 - Akron 2
BOTTOM OF THE 8TH
Akron RubberDucks batting - Pitching for Chattanooga Lookouts : RHP Tom Aagaard
Pitching: LHP Bobby Molina
Batting: RHB Tristan Wright 0-0: Ball
1-0: Ball
2-0: SINGLE (Line Drive, 7S, EV 109.4 MPH)
Batting: LHB Esteban Cordova 0-0: Called Strike
0-1: Ball
1-1: Ball
2-1: Foul Ball, location: 2F
2-2: Strikes out swinging
Batting: RHB Justin Lauderdale 0-0: Called Strike
0-1: Swinging Strike
0-2: Grounds into double play, 4-6-3 (Groundball, 4, EV 101.2 MPH)
Bottom of the 8th over - 0 runs, 1 hit, 0 errors, 0 left on base; Chattanooga 6 - Akron 2
TOP OF THE 9TH
Chattanooga Lookouts batting - Pitching for Akron RubberDucks : LHP Gil Longoria
Pitching: RHP En-guo Tsu
Batting: RHB Jose Gracia 0-0: Called Strike
0-1: Foul Ball, location: 2F
0-2: Strikes out swinging
Batting: SHB Matt Urbani 0-0: Ball
1-0: Swinging Strike
1-1: Called Strike
1-2: Foul Ball, location: 2F
1-2: Strikes out swinging
Batting: RHB John Dew 0-0: Ball
1-0: Called Strike
1-1: Swinging Strike
1-2: Ball
2-2: Ball
3-2: Base on Balls
Batting: LHB Marshall Daul 0-0: SINGLE (Groundball, 4D, EV 109.4 MPH)
John Dew to second
Runner from 2nd tries for 3rd, SAFE, throw by CF made at trailing runner, OUT! 8-6
Top of the 9th over - 0 runs, 1 hit, 0 errors, 1 left on base; Chattanooga 6 - Akron 2
BOTTOM OF THE 9TH
Akron RubberDucks batting - Pitching for Chattanooga Lookouts : LHP Bobby Molina
Batting: RHB Charles Marcel 0-0: Ball
1-0: Ball
2-0: Ball
3-0: Called Strike
3-1: Fly out, F8 (Line Drive, 8RM, EV 90.6 MPH)
Batting: RHB Anibal Casteles 0-0: Called Strike
0-1: Ball
1-1: Ball
2-1: Foul Ball, location: 2F
2-2: Ball
3-2: Foul Ball, location: 2F
3-2: Strikes out swinging
Batting: RHB Mitch Boyd 0-0: Swinging Strike
0-1: Ball
1-1: Ball
2-1: Foul Ball, location: 2F
2-2: Foul Ball, location: 2F
2-2: Ball
3-2: Foul Ball, location: 2F
3-2: Foul Ball, location: 2F
3-2: Base on Balls
Pinch Hitting: RHB Kaoru Toda 0-0: Called Strike
0-1: Swinging Strike
0-2: Foul Ball, location: 2F
0-2: Ball
1-2: Strikes out swinging
Bottom of the 9th over - 0 runs, 0 hits, 0 errors, 1 left on base; Chattanooga 6 - Akron 2
Tuesday, March 28th , 2023 - OOTP Baseball 23.10 Build 110